 Dungeon Crawl Stone Soup version 0.23.2-33-g5129a83184 (webtiles) character file.

Game seed: 8660090356791829695

2618 MalarOregon the Geomancer (level 9, -2/75 HPs)
             Began as a Ghoul Earth Elementalist on July 15, 2019.
             Slain by a wight
             ... wielding a +5 halberd
              (10 damage)
             ... on level 7 of the Dungeon.
             The game lasted 00:16:36 (7245 turns).

MalarOregon the Geomancer (GhEE)                    Turns: 7245, Time: 00:16:37

Health: -2/75      AC:  6    Str: 14    XL:     9   Next: 60%
Magic:  3/14       EV: 12    Int: 11    God:
Gold:   472        SH:  0    Dex:  9    Spells: 6/16 levels left

rFire    . . .     SeeInvis .   j - +1 dagger (elec)
rCold    + . .     Gourm    .   (no shield)
rNeg     + + +     Faith    .   v - +1 robe "Potyjux" {Regen+ Str+2 Int-2 Stlth+}
rPois    ∞         Spirit   .   i - +1 helmet
rElec    .         Reflect  .   (no cloak)
rCorr    .         Harm     .   m - +0 pair of gloves
MR       .....                  (no boots)
Stlth    +++.......             (no amulet)
HPRegen  0.00/turn              t - +3 ring of slaying
MPRegen  0.14/turn              (no ring)

@: rotting
A: rotting body, claws 1, carnivore, cold resistance 1, negative energy
resistance 3, inhibited regeneration, torment resistance, unbreathing
a: no special abilities


You were on level 7 of the Dungeon.
You were very hungry.

You visited 2 branches of the dungeon, and saw 8 of its levels.

You collected 472 gold pieces.

Inventory:

Hand Weapons
 j - a +1 dagger of electrocution (weapon)
   (You took it off an orc priest in the Ecumenical Temple)
 q - a +1 great sword of draining
   (You found it on level 3 of the Dungeon)
Missiles
 b - 17 stones (quivered)
Armour
 i - a +1 helmet (worn)
   (You took it off Robin on level 2 of the Dungeon)
 m - a +0 pair of gloves (worn)
   (You found it on level 2 of the Dungeon)
 v - the +1 robe "Potyjux" (worn) {Regen+ Str+2 Int-2 Stlth+}
   (You found it on level 4 of the Dungeon)

   It affects your strength (+2).
   It affects your intelligence (-2).
   It increases your rate of regeneration.
   It makes you more stealthy.
Jewellery
 t - a +3 ring of slaying (left hand)
   (You found it on level 3 of the Dungeon)
Scrolls
 a - a scroll of magic mapping
 c - a scroll of enchant weapon
 d - 2 scrolls of amnesia
 f - a scroll of fog
 h - a scroll of vulnerability {unknown}
 k - 8 scrolls of identify {@r1}
 l - a scroll of enchant armour
 n - a scroll of fear
 u - a scroll of remove curse {@r2}
 x - a scroll of teleportation {unknown}
 z - 3 scrolls of summoning {unknown}
Potions
 g - 2 potions of heal wounds {@q2}
 o - 5 potions of curing {@q1}
 r - a potion of resistance {unknown}
 s - a potion of might
 w - a potion of brilliance {unknown}
Comestibles
 e - 13 rations {!d}


   Skills:
 + Level 5.7 Fighting
 + Level 2.1 Dodging
 - Level 2.1 Stealth
 - Level 4.1 Spellcasting
 - Level 5.0 Conjurations
 + Level 1.4 Transmutations
 + Level 9.8 Earth Magic


You had 6 spell levels left.
You knew the following spells:

 Your Spells              Type           Power        Failure   Level  Hunger
a - Sandblast             Erth           ###...       1%          1    #......
b - Petrify               Tmut/Erth      ##......     24%         4    #####..
q - Passwall              Tmut/Erth      ##......     3%          2    ##.....
x - Stone Arrow           Conj/Erth      ###...       3%          3    ###....

Your spell library contained the following spells:

 Spells                   Type           Power        Failure   Level  Hunger
 Lee's Rapid Deconstruct  Erth           ###.......   12%         5    ######.


Dungeon Overview and Level Annotations

Branches:
Dungeon (7/15)             Temple (1/1) D:6

Altars:
Ashenzari
Cheibriados
Dithmenos
Elyvilon
Fedhas
Hepliaklqana
Okawaru
Qazlal
Ru
Sif Muna
Trog
Uskayaw
Vehumet
Wu Jian
Xom
Yredelemnul
Zin
The Shining One
Beogh


Innate Abilities, Weirdness & Mutations

Your body is rotting away.
You thrive on raw meat.
You are immune to poison.
You have sharp fingernails.
You are carnivorous and can eat meat at any time.
Your flesh is cold resistant. (rC+)
You are immune to negative energy. (rN+++)
You do not regenerate when monsters are visible.
You are immune to unholy pain and torment.
You can survive without breathing.


Message History

You closely miss the wight. The wight misses you.
You completely miss the wight. The wight hits you but does no damage.
The wight closely misses you.
You hit the wight but do no damage. Lightning courses through the wight!!
You destroy the wight!
The orc wizard casts a spell.
The orc wizard blinks!
The wight closely misses you.
You hit the crimson imp. The wight barely misses you.
The crimson imp barely misses you.
You closely miss the crimson imp.
The wight hits you from afar with a +5 halberd.
The crimson imp lashes its tail.
The crimson imp misses you.
You barely miss the crimson imp.
The crimson imp blinks!
The wight hits you from afar with a +5 halberd!
The orc wizard gestures wildly while chanting.
The orc wizard blinks!
Items here: )) [[ a cursed +3 battleaxe; a +1 robe of resistance; a cursed +0 dagger; a +0 robe Unknown command.
You closely miss the wight. The wight barely misses you.
You hit the wight but do no damage. The wight closely misses you.
The crimson imp blinks!
You closely miss the wight. The wight hits you with a +5 halberd!
* * * LOW HITPOINT WARNING * * *
All of the chunks of flesh in your inventory have rotted away.
Okay, then.
Aim: a wight, wielding a +5 halberd and wearing a +0 robe The blast of sand hits the wight but does no damage.
b - 19 stones The wight hits you with a +5 halberd!
* * * LOW HITPOINT WARNING * * *
Aim: an orc wizard, wielding a +0 dagger and wearing a +0 robe (almost dead)
The blast of sand hits the orc wizard!
You kill the orc wizard!
b - 18 stones The wight hits you with a +5 halberd!
* * * LOW HITPOINT WARNING * * *
Aim: a crimson imp
Okay, then.
Aim: a crimson imp The blast of sand misses the crimson imp.
b - 17 stones
As you read the scroll labeled CAR HIETHRY, it crumbles to dust.
It is a scroll of brand weapon.
Your +1 great sword craves living souls!
q - a +1 great sword of draining The crimson imp hits you but does no damage.
The wight hits you from afar with a +5 halberd!
You die...

...#.# ...#.# .....##
...#..###### ##
...#.......# ÷#
..##..####.## ÷# ####..#
#..# .#
.....######.#####?#
##.### #......##@#
...#####.....###5#
.............##z###
...##..#.....#.)).# #
......##.....##.#.## 5#
..(..#.......##....##.#
#..(...#.....#####.#)S#
.....###.....# ###....#
......##########...##..#


You could see a wight and a crimson imp.

Vanquished Creatures
  A cyclops (D:6)
  Eustachio (D:4)
  A hungry ghost (D:7)
  Menkaure (D:4)
  A centaur (D:6)
  3 ogres
  2 bullfrogs
  A wyvern skeleton (D:7)
  A water moccasin skeleton (D:4)
  5 wights
  2 crimson imps (D:6)
  A hound (D:4)
  2 jellies (D:5)
  2 centaur skeletons
  2 orc priests
  11 orc wizards
  Jessica (D:2)
  2 iguanas (D:4)
  6 worker ants
  A hound zombie (D:5)
  A hound skeleton (D:5)
  Robin (D:2)
  A howler monkey skeleton (D:6)
  6 adders
  4 adder skeletons
  3 worms
  3 dart slugs
  5 leopard geckos
  21 orcs
  A ball python (D:5)
  13 bats
  5 giant cockroaches
  12 goblins
  20 hobgoblins
  15 jackals
  7 kobolds
  5 quokkas
  3 frilled lizards
  A leopard gecko skeleton (D:4)
  9 rats
183 creatures vanquished.

Notes
Turn   | Place    | Note
-------+----------+-------------------------------------------
     0 | D:1      | MalarOregon the Ghoul Earth Elementalist began the quest
                  | for the Orb.
     0 | D:1      | Reached XP level 1. HP: 14/14 MP: 2/2
   120 | D:1      | Reached XP level 2. HP: 11/22 MP: 4/4
   530 | D:1      | Reached skill level 1 in Fighting
   707 | D:1      | Reached XP level 3. HP: 17/28 MP: 3/5
  1319 | D:2      | Reached skill level 4 in Earth Magic
  1319 | D:2      | Reached XP level 4. HP: 25/36 MP: 0/6
  1358 | D:2      | Found a snail-covered altar of Cheibriados.
  1358 | D:2      | Found a shattered altar of Ashenzari.
  1359 | D:2      | Found a shimmering altar of Xom.
  1359 | D:2      | Noticed Jessica
  1369 | D:2      | Found a sacrificial altar of Ru.
  1379 | D:2      | Killed Jessica
  1536 | D:2      | Found an ornate altar of the Wu Jian Council.
  1873 | D:2      | Noticed Robin
  1880 | D:2      | Reached XP level 5. HP: 41/42 MP: 3/8
  1914 | D:2      | Killed Robin
  2666 | D:3      | Reached skill level 5 in Earth Magic
  2666 | D:3      | Reached XP level 6. HP: 48/51 MP: 4/9
  2964 | D:3      | Found a faded altar of an unknown god.
  3719 | D:4      | Learned a level 2 spell: Passwall
  3723 | D:4      | Learned a level 3 spell: Stone Arrow
  3735 | D:4      | Learned a level 4 spell: Petrify
  3738 | D:4      | Got an ancient robe
  3749 | D:4      | Identified the +1 robe "Potyjux" {Regen+ Str+2 Int-2
                  | Stlth+} (You found it on level 4 of the Dungeon)
  3850 | D:4      | Reached skill level 5 in Fighting
  3892 | D:4      | Noticed Eustachio
  3908 | D:4      | Reached XP level 7. HP: 23/61 MP: 0/10
  4037 | D:4      | Noticed Menkaure
  4045 | D:4      | Killed Menkaure
  4084 | D:4      | Killed Eustachio
  4166 | D:4      | Reached XP level 8. HP: 57/69 MP: 11/11
  4184 | D:4      | Found a roughly hewn altar of Beogh.
  4596 | D:5      | Entered Level 5 of the Dungeon
  4916 | D:5      | Reached skill level 5 in Conjurations
  5404 | D:6      | Found a deep blue altar of Sif Muna.
  5568 | D:6      | Found a staircase to the Ecumenical Temple.
  5582 | Temple   | Entered the Ecumenical Temple
  5747 | D:6      | Reached skill level 6 in Earth Magic
  6084 | D:6      | Found a hazy altar of Hepliaklqana.
  6091 | D:6      | Reached skill level 7 in Earth Magic
  6139 | D:6      | Reached XP level 9. HP: 47/74 MP: 11/14
  6279 | D:6      | Reached skill level 8 in Earth Magic
  6786 | D:7      | Noticed a cyclops
  6814 | D:7      | HP: 3/74 [adder skeleton (1)]
  7007 | D:6      | Killed a cyclops
  7007 | D:6      | Reached skill level 9 in Earth Magic
  7102 | D:7      | Found a glowing silver altar of Zin.
  7118 | D:7      | Reached skill level 1 in Transmutations
  7245 | D:7      | Slain by a wight

Skill      XL: |  1  2  3  4  5  6  7  8  9 |
---------------+----------------------------+-----
Spellcasting   | 2 3 4 |  4.1
Fighting       | 1 2 3 5 |  5.7
Earth Magic    | 4 5 7 9 |  9.8
Conjurations   | 4 5 |  5.0
Transmutations | 1 |  1.4
Dodging        | 2 |  2.1
Stealth        | |  2.1

Action                   |  1- 3 |  4- 6 |  7- 9 || total
-------------------------+-------+-------+-------++-------
Melee: Unarmed           |    15 |       |       ||    15
       Whip              |   108 |     5 |       ||   113
       Dagger            |       |   102 |   114 ||   216
       Great sword       |       |    65 |    56 ||   121
 Cast: Sandblast         |    37 |    76 |   100 ||   213
  Use: Potion            |     3 |       |       ||     3
       Scroll            |       |       |    16 ||    16
 Stab: Sleeping          |       |     5 |     6 ||    11
  Eat: Chunk             |    16 |    13 |     9 ||    38
Armor: Robe              |    29 |    31 |    59 ||   119
Dodge: Dodged            |   117 |   138 |   164 ||   419
       Rpst.: Great sword |       |    25 |    33 ||    58
